 Dungeon Crawl Stone Soup version 0.29.1-1-gd02db6906a (webtiles) character file.

Game seed: 1980875038644690961

497 Anriel the Covered (level 7, -2/43 HPs)
             Began as a Gargoyle Fighter on Oct 11, 2022.
             Slain by a worm (7 damage)
             ... on level 4 of the Dungeon.
             The game lasted 00:21:59 (2376 turns).

Anriel the Covered (Gargoyle Fighter)               Turns: 2376, Time: 00:22:00

Health: -2/43      AC: 15    Str: 21    XL:     7   Next: 15%
Magic:  7/7        EV:  7    Int:  9    God:
Gold:   158        SH:  4    Dex:  9    Spells: 6/6 levels left

rFire   + . .      SeeInvis .   a - +0 flail
rCold   + . .      Faith    .   c - +0 buckler
rNeg    + . .      Spirit   .   h - +0 chain mail
rPois   ∞          Reflect  .   m - +0 helmet
rElec   +          Harm     .   (no cloak)
rCorr   +          Rampage  .   (no gloves)
Will    .....      Clarity  +   (no boots)
Stlth   ..........              (no amulet)
HPRegen 0.14/turn               (no ring)
MPRegen 0.10/turn               (no ring)

@: about to teleport, resistant, attractive
A: sickness immunity, AC +4, negative energy resistance 1, electricity
resistance, torment resistance 1, petrification resistance, talons 1, clarity,
deterioration 1
a: no special abilities


You were on level 4 of the Dungeon.
You visited 1 branch of the dungeon, and saw 4 of its levels.

You collected 158 gold pieces.

Inventory:

Hand Weapons
 a - a +0 flail (weapon)
 q - the +7 whip of Virtue {flame, Fly}
   (You found it on level 3 of the Dungeon)

   It burns those it strikes, dealing additional fire damage.
   Fly:       It grants you flight.
Armour
 c - a +0 buckler (worn)
 h - a +0 chain mail (worn)
 l - a scarf of shadows
 m - a +0 helmet (worn)
 t - +0 fire dragon scales
Jewellery
 p - an amulet of magic regeneration
Scrolls
 d - 2 scrolls of magic mapping {unknown}
 e - 5 scrolls of teleportation
 f - 5 scrolls of identify {unknown}
 g - a scroll of fog {unknown}
 j - 2 scrolls of enchant armour {unknown}
 k - 2 scrolls of noise {unknown}
 n - a scroll of brand weapon {unknown}
 r - 2 scrolls of fear {unknown}
 s - a scroll of poison {unknown}


   Skills:
 + Level 4.2 Fighting
 + Level 4.6 Maces & Flails
 + Level 2.3 Throwing
 * Level 5.2 Armour
 + Level 1.0 Dodging
 + Level 4.0 Shields


You had 6 spell levels left.
You didn't know any spells.
Your spell library contained the following spells:

 Spells                   Type           Power      Damage    Failure   Level
 Summon Small Mammal      Summ           0%         N/A       99%         1


Dungeon Overview and Level Annotations

Branches:
Dungeon (4/15)
 Temple: D:4-7

Altars:
Wu Jian
Xom


Innate Abilities, Weirdness & Mutations

You are immune to sickness and miasma.
Your stone body is resilient. (AC +4)
You are immune to poison.
You resist negative energy. (rN+)
You are resistant to electric shocks. (rElec)
You are resistant to unholy torment.
You are immune to petrification.
You have sharp toenails.
You possess an exceptional clarity of mind.
Your body sometimes deteriorates upon taking damage.


Message History

The orc priest closely misses you. The orc is attracted toward you.
The orc priest is attracted toward you. The orc is attracted toward you.
Your surroundings suddenly seem different.
A goblin and a hobgoblin come into view.
The goblin is wielding a +0 dagger of flaming.
Found a dark potion.
The goblin shouts!
The hobgoblin shouts!
You hear a shout!
A hobgoblin comes into view.
The goblin is attracted toward you.
The hobgoblin is attracted toward you. x2
The hobgoblin is attracted toward you. x2
The hobgoblin is attracted toward you. The hobgoblin barely misses you.
The goblin is attracted toward you. The hobgoblin attacks as you move away!
The hobgoblin hits you but does no damage.
The hobgoblin attacks as you move away!
The hobgoblin hits you but does no damage.
The hobgoblin attacks as you move away! The hobgoblin barely misses you.
You aren't carrying any potions.
As you read the scroll of teleportation, it crumbles to dust.
You feel strangely unstable.
The hobgoblin hits you but does no damage.
The hobgoblin attacks as you move away! The hobgoblin closely misses you.
Found 5 stones.
The hobgoblin is attracted toward you. The goblin is attracted toward you.
The hobgoblin attacks as you move away!
The hobgoblin hits you but does no damage.
Found 7 gold pieces.
The hobgoblin attacks as you move away! The hobgoblin barely misses you.
Your surroundings suddenly seem different.
Found 4 stones and a scroll labelled DAVON VAGROMO.
The worm is attracted toward you. The worm is attracted toward you.
The worm is attracted toward you.
The orc shouts!
The worm is attracted toward you. The orc is attracted toward you.
You block the worm's attack. The orc is attracted toward you.
As you read the scroll of teleportation, it crumbles to dust.
You feel strangely unstable. The orc hits you but does no damage.
The worm bites you!
You die...

######.###### #.#
#.############ #.#
#.....oo.....# #.#
#$##########.# #.# #§#
#.# #.# #.# #.# #.#
#.######.###### #.# #.#
....≈≈.wo≈≈?.# ##o###.#
####≈≈≈@≈≈≈#.# #.......
#...≈...# # #.#####o
####.......#.####.# #.
#.....≈...≈........# #.
#.#.#.≈...≈.######.# #.
#.#..≈.≈.........#####o
# #≈.≈.≈.≈######.oo....
#≈.(...≈.. #.##.###
#≈.....≈##. #.##.#


You could see a worm and an orc.

Vanquished Creatures
  Sigmund (D:2)
  4 crimson imps (D:3)
  Jessica (D:2)
  2 orc wizards (D:3)
  Robin (D:2)
  3 gnolls (D:3)
  2 adders
  An adder zombie (D:3)
  A worm (D:2)
  2 dart slugs (D:2)
  5 orcs (D:3)
  4 ball pythons
  5 bats
  3 endoplasms
  2 giant cockroaches (D:1)
  10 hobgoblins (D:2)
  A quokka (D:2)
  5 frilled lizards
  9 goblins
  10 kobolds
  4 rats
76 creatures vanquished.

Vanquished Creatures (others)
  3 withered plants (D:3)
3 creatures vanquished.

Grand Total: 79 creatures vanquished

Notes
Turn   | Place    | Note
-------+----------+-------------------------------------------
     0 | D:1      | Anriel the Gargoyle Fighter began the quest for the Orb.
     0 | D:1      | Reached XP level 1. HP: 14/14 MP: 1/1
    96 | D:1      | Reached XP level 2. HP: 19/19 MP: 2/2
   414 | D:2      | Reached XP level 3. HP: 16/23 MP: 3/3
   427 | D:2      | Found a faded altar of an unknown god.
   456 | D:2      | Got Plato's Almanac of Calling
   613 | D:2      | Noticed Sigmund
   815 | D:2      | Killed Sigmund
   816 | D:2      | Reached skill level 1 in Throwing
   816 | D:2      | Reached skill level 4 in Armour
   816 | D:2      | Reached XP level 4. HP: 18/29 MP: 4/4
   816 | D:2      | Reached XP level 5. HP: 21/33 MP: 5/5
  1078 | D:2      | Noticed Robin
  1128 | D:2      | Killed Robin
  1402 | D:2      | Noticed Jessica
  1427 | D:2      | Killed Jessica
  1428 | D:2      | Reached XP level 6. HP: 33/38 MP: 6/6
  1562 | D:3      | Found an ornate altar of the Wu Jian Council.
  1673 | D:3      | Found a shimmering altar of Xom.
  1779 | D:3      | Reached skill level 5 in Armour
  1784 | D:3      | Reached skill level 1 in Dodging
  1784 | D:3      | Reached XP level 7. HP: 26/43 MP: 7/7
  1802 | D:3      | Identified the +7 whip of Virtue {flame, Fly}
  2347 | D:4      | HP: 1/43 [orc/+0 dagger (2)]
  2349 | D:4      | Gained mutation: Your body sometimes deteriorates upon
                  | taking damage. [potion of mutation]
  2349 | D:4      | Gained mutation: You possess an exceptional clarity of
                  | mind. [potion of mutation]
  2349 | D:4      | Gained mutation: You have sharp toenails. [potion of
                  | mutation]
  2376 | D:4      | Slain by a worm

Illustrated notes

Levels and vault maps discovered:
D:1:      wander_arrival_desolate, layout_rooms
D:2:      layout_basic, shapermc_ecumenical_altar_rom_forum,
          grunt_ministairs_12, uniq_sigmund, uniq_robin, uniq_jessica
D:3:      layout_basic, led_xom_imps, mainiacjoe_overflow_paths, serial_undead,
          serial_undead_c, serial_undead_b, serial_undead_a, serial_undead_b
D:4:      layout_loops_ring, nicolae_uskayaw_suspiria,
          minmay_temple_entry_gardened_gates

Skill      XL: |  1  2  3  4  5  6 |
---------------+-------------------+-----
Maces & Flails | 3 4 |  4.6
Throwing       | 1 2 |  2.3
Armour         | 4 5 |  5.2
Fighting       | 4 |  4.2
Dodging        | 1 |  1.0
Shields        | 4 |  4.0

Action                   |  1- 3 |  4- 6 |  7- 9 || total
-------------------------+-------+-------+-------++-------
Melee: Flail             |    86 |   138 |    19 ||   243
Throw: Boomerang         |    17 |    43 |    10 ||    70
  Use: Potion            |     1 |       |     3 ||     4
       Scroll            |       |       |     3 ||     3
Armor: Scale mail        |    26 |       |       ||    26
       Chain mail        |    43 |   109 |    19 ||   171
Dodge: Dodged            |    50 |    45 |    10 ||   105
Block: Buckler           |    13 |    28 |     6 ||    47
